[Event "42nd Olympiad Baku 2016 Open"]
[Site "Baku"]
[Date "2016.09.03"]
[Round "2.29"]
[White "Eid, Fadi"]
[Black "Matoewi, Roger"]
[Result "1-0"]
[ECO "B23"]
[WhiteElo "2354"]
[BlackElo "2042"]
[Annotator ""]
[PlyCount "105"]
[EventDate "2016.??.??"]
[EventCountry "AZE"]
[SourceTitle "playchess.com"]
[Source "ChessBase"]
[WhiteTeam "Lebanon"]
[BlackTeam "Surinam"]
[WhiteTeamCountry "LBN"]
[BlackTeamCountry "SUR"]
[TimeControl "40/5400+30:1800+30"]

1. e4 {(00:00)} c5 {(00:00)} 2. Nc3 {(00:00)} d6 {(
00:11)} 3. f4 {(00:00)} g6 {(01:10)} 4. Nf3 {(00:00)} Bg7
{(00:09)} 5. Bc4 {(00:28)} Nc6 {(06:07)} 6. d3 {(
00:20)} Nf6 {(02:03)} 7. f5 {(00:10)} Bd7 {(06:05)} 8. a4
{(00:30)} gxf5 {(25:58)} 9. O-O {(00:21)} Ne5 {(01:
16)} 10. Nxe5 {(00:52)} dxe5 {(00:08)} 11. exf5 {(00:18)}
Bc6 {(00:12)} 12. Qe2 {(02:26)} Rg8 {(00:29)} 13. Bb5 {
(00:32)} Rc8 {(04:35)} 14. Be3 {(13:57)} Nd5 {(02:
35)} 15. Ne4 {(02:05)} Nxe3 {(03:52)} 16. Qxe3 {(00:02)}
Qd4 {(03:26)} 17. Qxd4 {(00:02)} cxd4 {(00:31)} 18. c4 {
(00:01)} dxc3 {(03:10)} 19. bxc3 {(02:08)} Kd8 {(
07:34)} 20. Bxc6 {(00:09)} Rxc6 {(00:41)} 21. Kf2 {(00:45]
} Kc8 {(04:37)} 22. g3 {(00:31)} Rh6 {(00:28)} 23. h4 {
(00:07)} Rc6 {(00:50)} 24. c4 {(01:35)} h5 {(01:45]
} 25. Rfb1 {(00:54)} Rd8 {(11:10)} 26. Ke2 {(00:08)} f6 {
(01:50)} 27. Rb5 {(00:44)} e6 {(05:49)} 28. Rf1 {(
00:32)} exf5 {(04:56)} 29. Rxf5 {(00:08)} Rh8 {(00:21)}
30. Rd5 {(05:40)} Rh6 {(01:40)} 31. Nd6+ {(02:19)} Kb8 {
(00:18)} 32. Ne8 {(00:57)} Rg6 {(00:22)} 33. Kf3 {(
00:38)} a6 {(01:27)} 34. Rd8+ {(03:26)} Ka7 {(00:27)} 35.
Rd7 {(00:07)} Bf8 {(00:40)} 36. Rf7 {(00:07)} Bc5 {
(00:33)} 37. R7xf6 {(01:10)} Rgxf6 {(00:34)} 38. Nxf6 {
(00:23)} Bd4 {(00:19)} 39. Nd5 {(00:56)} Rd6 {(00:
35)} 40. Ke4 {(00:00)} Rg6 {(00:00)} 41. Rg5 {(00:28)} Rh6
{(02:17)} 42. Rg7 {(03:00)} Rc6 {(04:19)} 43. Ne7 {
(02:14)} Rf6 {(06:56)} 44. Nf5 {(00:43)} Bc3 {(02:
09)} 45. Rh7 {(01:30)} Rb6 {(03:58)} 46. Rxh5 {(00:40)}
Rb4 {(00:18)} 47. g4 {(00:22)} Rxa4 {(00:12)} 48. g5 {
(00:02)} Ra1 {(00:15)} 49. g6 {(00:05)} Re1+ {(00:
06)} 50. Kd5 {(01:15)} e4 {(10:07)} 51. d4 {(00:38)} e3 {
(01:23)} 52. Nxe3 {(00:57)} Rxe3 {(02:54)} 53. g7 {
(00:14)} 1-0

[Event "42nd Olympiad Baku 2016 Open"]
[Site "Baku"]
[Date "2016.09.03"]
[Round "2.1"]
[White "Elliott, Warren"]
[Black "Salim Mohammed Salim Al Amri"]
[Result "1-0"]
[ECO "E12"]
[WhiteElo "2238"]
[BlackElo "2050"]
[Annotator ""]
[PlyCount "71"]
[EventDate "2016.??.??"]
[EventCountry "AZE"]
[SourceTitle "playchess.com"]
[Source "ChessBase"]
[WhiteTeam "Jamaica"]
[BlackTeam "OMA"]
[WhiteTeamCountry "JAM"]
[TimeControl "40/5400+30:1800+30"]

1. d4 {(00:00)} Nf6 {(00:00)} 2. c4 {(00:08)} e6 {(
00:00)} 3. Nf3 {(00:26)} b6 {(00:11)} 4. a3 {(00:12)} Bb7
{(00:43)} 5. Nc3 {(00:22)} Ne4 {(01:53)} 6. e3 {(
06:53)} Nxc3 {(02:01)} 7. bxc3 {(00:05)} d5 {(04:09)} 8.
Bd3 {(06:16)} c5 {(03:01)} 9. cxd5 {(05:36)} exd5 {
(00:31)} 10. Ne5 {(02:12)} Bd6 {(07:02)} 11. Qh5 {(
08:29)} Qc7 {(12:59)} 12. Bb5+ {(12:45)} Nc6 {(04:38)} 13.
Nxc6 {(04:16)} Bxc6 {(00:10)} 14. Qxd5 {(00:21)} Rc8 {
(04:45)} 15. Bxc6+ {(04:19)} Qxc6 {(00:06)} 16. Qxc6+ {
(00:06)} Rxc6 {(00:05)} 17. d5 {(00:31)} Be5 {(06:
21)} 18. Bd2 {(03:43)} Rd6 {(03:06)} 19. f4 {(01:46)} Bf6
{(04:16)} 20. e4 {(00:09)} Be7 {(06:27)} 21. c4 {(
01:44)} f6 {(04:29)} 22. a4 {(00:57)} O-O {(01:12)} 23.
O-O {(00:42)} a6 {(00:31)} 24. Rab1 {(00:47)} Rb8 {
(00:10)} 25. e5 {(02:59)} Rd7 {(03:02)} 26. Be3 {(
04:48)} Rdb7 {(05:52)} 27. Rfd1 {(03:58)} Bf8 {(02:24)}
28. g3 {(02:37)} Re8 {(02:45)} 29. e6 {(06:30)} Bd6 {
(00:19)} 30. Rb3 {(03:25)} a5 {(06:18)} 31. Rdb1 {(
00:52)} Rbb8 {(01:05)} 32. Rxb6 {(01:08)} Rbd8 {(08:46)}
33. Rc6 {(00:31)} Bb8 {(00:55)} 34. Bxc5 {(00:28)} Rc8 {
(00:05)} 35. Rxc8 {(00:51)} Rxc8 {(00:06)} 36. d6 {
(01:47)} 1-0

[Event "42nd Olympiad Baku 2016 Open"]
[Site "Baku"]
[Date "2016.09.03"]
[Round "2.14"]
[White "Farazi, Khaiber"]
[Black "Jamena, Joseph Mensah"]
[Result "1/2-1/2"]
[ECO "C65"]
[WhiteElo "2097"]
[BlackElo "1992"]
[Annotator ""]
[PlyCount "95"]
[EventDate "2016.??.??"]
[EventCountry "AZE"]
[SourceTitle "playchess.com"]
[Source "ChessBase"]
[WhiteTeam "Afghanistan"]
[BlackTeam "Ghana"]
[WhiteTeamCountry "AFG"]
[BlackTeamCountry "GHA"]
[TimeControl "40/5400+30:1800+30"]

1. e4 {(00:00)} e5 {(00:00)} 2. Nf3 {(00:00)} Nc6 {
(00:00)} 3. Bb5 {(00:11)} Nf6 {(00:00)} 4. O-O {(
00:42)} Bc5 {(00:22)} 5. d3 {(07:11)} d6 {(02:24)} 6. c3 {
(02:19)} a6 {(02:33)} 7. Ba4 {(01:51)} b5 {(00:45)}
8. Bc2 {(00:38)} Bg4 {(00:30)} 9. Bg5 {(04:00)} h6 {
(02:06)} 10. Be3 {(03:19)} Bxe3 {(00:59)} 11. fxe3 {
(00:09)} O-O {(00:23)} 12. h3 {(03:57)} Bh5 {(00:
29)} 13. g4 {(02:25)} Bg6 {(02:10)} 14. Nh4 {(05:57)} Bh7
{(02:58)} 15. Nf5 {(00:55)} g6 {(04:22)} 16. Nxh6+ {
(18:03)} Kg7 {(00:27)} 17. g5 {(02:49)} Nxe4 {(12:
56)} 18. dxe4 {(10:25)} Qxg5+ {(00:36)} 19. Ng4 {(01:20)}
f5 {(00:47)} 20. exf5 {(02:48)} gxf5 {(00:02)} 21. h4 {
(07:06)} Qxg4+ {(00:21)} 22. Qxg4+ {(00:26)} fxg4 {
(00:12)} 23. Bxh7 {(00:13)} Kxh7 {(00:15)} 24. Nd2 {
(01:09)} Ne7 {(14:09)} 25. a4 {(03:08)} Kg6 {(08:
12)} 26. Rxf8 {(00:40)} Rxf8 {(00:14)} 27. axb5 {(01:08)}
axb5 {(00:47)} 28. Ra7 {(01:31)} Nf5 {(03:04)} 29. e4 {
(02:07)} Nxh4 {(00:31)} 30. Rxc7 {(00:53)} Nf3+ {(
03:14)} 31. Nxf3 {(00:07)} gxf3 {(00:17)} 32. Kf2 {(03:08]
} Kg5 {(00:38)} 33. Rh7 {(02:28)} Kf6 {(03:42)} 34. Rh3 {
(01:37)} Ke6 {(01:20)} 35. Rxf3 {(01:07)} Rh8 {(07:
23)} 36. Rg3 {(04:37)} Rh2+ {(12:32)} 37. Rg2 {(00:20)}
Rh3 {(04:07)} 38. Rg3 {(01:48)} Rh2+ {(00:13)} 39. Rg2 {
(00:09)} Rh3 {(00:12)} 40. Ke2 {(00:00)} Kd7 {(00:
00)} 41. Kd2 {(01:22)} Kc6 {(04:35)} 42. b4 {(03:02)} Rf3
{(02:34)} 43. Rh2 {(02:35)} Rg3 {(00:15)} 44. Rh6 {
(01:53)} Rg2+ {(00:51)} 45. Kd3 {(00:08)} Rg3+ {(
00:24)} 46. Kd2 {(00:07)} Rg2+ {(00:05)} 47. Kd3 {(00:07)}
Rg3+ {(00:05)} 48. Kd2 {(00:12)} 1/2-1/2

[Event "42nd Olympiad Baku 2016 Open"]
[Site "Baku"]
[Date "2016.09.03"]
[Round "2.24"]
[White "Fejzullahu, Afrim"]
[Black "Orio, Rogelio L"]
[Result "1-0"]
[ECO "B09"]
[WhiteElo "2298"]
[BlackElo "1781"]
[Annotator ""]
[PlyCount "71"]
[EventDate "2016.??.??"]
[EventCountry "AZE"]
[SourceTitle "playchess.com"]
[Source "ChessBase"]
[WhiteTeam "Kosovo"]
[BlackTeam "GUM"]
[WhiteTeamCountry "KOS"]
[TimeControl "40/5400+30:1800+30"]

1. e4 {(00:00)} d6 2. d4 Nf6 {(00:17)} 3. Nc3 {(00:29)} g6
{(00:13)} 4. f4 {(00:24)} e6 {(00:48)} 5. Nf3 {(00:
38)} a6 {(00:22)} 6. e5 {(00:55)} Nh5 {(02:11)} 7. Bd3 {
(02:22)} b5 {(00:31)} 8. Qe2 {(00:56)} Bb7 {(00:36]
} 9. O-O {(00:39)} Nd7 {(01:07)} 10. Be3 {(03:00)} Be7 {
(00:49)} 11. Rae1 {(03:31)} c5 {(01:17)} 12. exd6 {
(01:53)} Bxd6 {(00:49)} 13. Ne4 {(12:38)} Be7 {(00:
13)} 14. dxc5 {(00:49)} O-O {(06:17)} 15. b4 {(00:45)} Qc7
{(00:31)} 16. Nfg5 {(05:18)} Nhf6 {(02:29)} 17. Bd4 {
(02:38)} Nd5 {(03:13)} 18. Qd2 {(03:44)} Rad8 {(01:
33)} 19. a3 {(00:56)} h6 {(02:45)} 20. Nh3 {(02:38)} Nb8 {
(01:27)} 21. f5 {(02:21)} e5 {(02:42)} 22. Bb2 {(
01:58)} Kg7 {(12:43)} 23. f6+ {(07:32)} Nxf6 {(01:02)} 24.
Nxf6 {(00:11)} Bxf6 {(00:15)} 25. Rxf6 {(00:13)} Nc6 {
(04:03)} 26. Ref1 {(04:20)} Nd4 {(00:58)} 27. Bc1 {
(01:51)} Nf3+ {(06:23)} 28. R6xf3 {(00:57)} Bxf3 {(
04:48)} 29. Qxh6+ {(00:10)} Kf6 {(00:28)} 30. Rxf3+ {(01:
44)} Ke6 31. Bf5+ {(00:36)} Ke7 {(01:37)} 32. Bg5+ {(01:
30)} f6 {(02:01)} 33. Qg7+ {(00:19)} Rf7 {(01:25)} 34.
Bxf6+ {(00:07)} Ke8 {(00:10)} 35. Qg8+ {(00:14)} Rf8 {
(01:06)} 36. Qe6+ {(00:06)} 1-0

[Event "42nd Olympiad Baku 2016 Open"]
[Site "Baku"]
[Date "2016.09.03"]
[Round "2.23"]
[White "Fernandez Lopez, Joan"]
[Black "Maccapani, Massimiliano"]
[Result "1/2-1/2"]
[ECO "B83"]
[WhiteElo "2142"]
[BlackElo "1971"]
[Annotator ""]
[PlyCount "90"]
[EventDate "2016.??.??"]
[EventCountry "AZE"]
[SourceTitle "playchess.com"]
[Source "ChessBase"]
[WhiteTeam "Andorra"]
[BlackTeam "San Marino"]
[WhiteTeamCountry "AND"]
[BlackTeamCountry "SMR"]
[TimeControl "40/5400+30:1800+30"]

1. e4 {(00:00)} c5 {(00:00)} 2. Nf3 {(00:00)} d6 {(
00:00)} 3. d4 {(00:33)} cxd4 {(00:00)} 4. Nxd4 {(00:25)}
Nf6 {(00:02)} 5. Nc3 {(01:16)} e6 {(00:08)} 6. Be2 {
(02:22)} Be7 {(00:10)} 7. O-O {(02:32)} O-O {(00:
30)} 8. Be3 {(04:11)} Nc6 {(00:37)} 9. f4 {(06:26)} e5 {
(04:29)} 10. Nb3 {(13:25)} exf4 {(11:38)} 11. Bxf4 {
(03:01)} Be6 {(00:22)} 12. Kh1 {(03:37)} a6 {(14:
30)} 13. Bf3 {(09:02)} Rc8 {(03:02)} 14. Rf2 {(13:29)} Qc7
{(04:02)} 15. Rd2 {(02:17)} Rfd8 {(00:47)} 16. Qe1 {
(14:01)} Ne5 {(18:23)} 17. Be2 {(01:42)} Nfd7 {(10:
23)} 18. Qg3 {(02:41)} Nb6 {(03:56)} 19. Rb1 {(11:33)}
Nbc4 {(07:07)} 20. Bxc4 {(00:18)} Nxc4 {(00:06)} 21. Rd3 {
(00:04)} Ne5 {(00:50)} 22. Rdd1 {(00:43)} b5 {(01:
30)} 23. Nd4 {(00:52)} b4 {(01:06)} 24. Nd5 {(00:25)} Bxd5
{(00:16)} 25. exd5 {(00:04)} Qc4 {(02:51)} 26. Nf5 {
(03:56)} Bf6 {(00:15)} 27. Bg5 {(00:17)} Bxg5 {(03:
18)} 28. Qxg5 {(00:02)} Ng6 {(00:11)} 29. Nd4 {(01:11)}
Re8 {(00:47)} 30. Nc6 {(03:12)} Qc5 {(04:56)} 31. Qg4 {
(00:51)} Ne5 {(00:42)} 32. Nxe5 {(00:43)} Rxe5 {(
00:08)} 33. Rd2 {(00:32)} Rce8 {(00:25)} 34. Qh4 {(00:41)}
Qe3 {(00:27)} 35. Rdd1 {(00:26)} Qc5 {(02:36)} 36. Rbc1 {
(00:36)} Rxd5 {(00:27)} 37. Rxd5 {(00:17)} Qxd5 {(
00:07)} 38. Qxb4 {(00:24)} Qxa2 {(01:34)} 39. c4 {(00:51)}
h6 {(01:13)} 40. h3 {(00:00)} Re2 {(00:00)} 41. Qxd6 {
(11:23)} Qxb2 {(02:59)} 42. Rg1 {(00:53)} Re6 {(02:
07)} 43. Qd8+ {(01:04)} Kh7 {(00:09)} 44. Qd3+ {(00:54)}
g6 {(08:41)} 45. Rf1 {(01:57)} Kg7 {(04:34)} 1/2-1/2

[Event "42nd Olympiad Baku 2016 Open"]
[Site "Baku"]
[Date "2016.09.03"]
[Round "2.6"]
[White "Frick, Renato"]
[Black "Calicoca, Wilton Inacio"]
[Result "0-1"]
[ECO "C97"]
[WhiteElo "2000"]
[BlackElo "2190"]
[Annotator ""]
[PlyCount "140"]
[EventDate "2016.??.??"]
[EventCountry "AZE"]
[SourceTitle "playchess.com"]
[Source "ChessBase"]
[WhiteTeam "Liechtenstein"]
[BlackTeam "Mozambique"]
[WhiteTeamCountry "LIE"]
[BlackTeamCountry "MOZ"]
[TimeControl "40/5400+30:1800+30"]

1. e4 {(00:00)} e5 {(00:00)} 2. Nf3 {(00:00)} Nc6 {
(00:00)} 3. Bb5 {(00:00)} a6 {(00:00)} 4. Ba4 {(00:
03)} Nf6 {(00:00)} 5. O-O {(00:10)} b5 {(00:22)} 6. Bb3 {
(01:46)} Be7 {(00:31)} 7. Re1 {(01:05)} d6 {(00:12]
} 8. c3 {(01:26)} O-O {(00:40)} 9. h3 {(00:13)} Na5 {
(01:00)} 10. Bc2 {(00:35)} c5 {(00:10)} 11. d4 {(
00:21)} Qc7 {(01:42)} 12. Nbd2 {(05:31)} Bd7 {(01:17)} 13.
Nf1 {(02:19)} Rac8 {(03:35)} 14. Bd3 {(05:21)} exd4 {
(05:02)} 15. cxd4 {(01:13)} cxd4 {(11:19)} 16. Nxd4 {
(00:20)} Nc6 {(00:22)} 17. Nxc6 {(12:59)} Qxc6 {(
00:22)} 18. Bd2 {(11:28)} Be6 {(02:04)} 19. b3 {(02:07)}
Nd7 {(01:47)} 20. Qe2 {(05:33)} Ne5 {(00:28)} 21. Rac1 {
(00:19)} Qb7 {(06:01)} 22. Bb1 {(00:56)} Bd7 {(01:
55)} 23. f4 {(03:45)} Ng6 {(01:07)} 24. Kh2 {(07:55)} Rfe8
{(02:27)} 25. g3 {(03:15)} Bc6 {(01:14)} 26. h4 {(
04:15)} Nf8 {(20:26)} 27. Qd3 {(09:29)} Red8 {(15:47)} 28.
Ne3 {(08:57)} Nd7 {(12:05)} 29. e5 {(08:34)} Nf8 {(
00:55)} 30. Ba5 {(00:38)} Rd7 {(02:43)} 31. Nf5 {(00:32)}
dxe5 {(01:11)} 32. Nxe7+ {(00:12)} Rxe7 {(00:03)} 33. fxe5
{(00:14)} Rd7 {(03:25)} 34. Qe3 {(00:55)} Bd5 {(02:
12)} 35. Rxc8 {(00:45)} Qxc8 {(00:05)} 36. Rc1 {(00:45)}
Qe8 {(00:41)} 37. Bb4 {(01:10)} Bb7 {(01:17)} 38. Re1 {
(01:06)} Ne6 {(02:42)} 39. Bd6 {(00:21)} g6 {(00:
30)} 40. Rc1 {(00:00)} Qd8 {(00:00)} 41. Be4 {(16:55)} Qa8
{(09:37)} 42. Bxb7 {(14:34)} Qxb7 {(00:05)} 43. Qd3 {
(00:23)} Rd8 {(03:42)} 44. b4 {(01:12)} Rc8 {(02:
51)} 45. Bc5 {(00:10)} Qc7 {(01:44)} 46. Qd6 {(00:34)} Qb7
{(02:06)} 47. Rd1 {(00:18)} h6 {(06:00)} 48. Qd2 {(
01:06)} Nxc5 {(02:06)} 49. bxc5 {(00:16)} Rxc5 {(00:51)}
50. Qxh6 {(00:13)} Rc2+ {(00:14)} 51. Rd2 {(00:15)} Qe4 {
(01:05)} 52. h5 {(01:15)} Rxd2+ {(01:02)} 53. Qxd2 {
(00:02)} Qxe5 {(00:39)} 54. hxg6 {(00:54)} Qh5+ {(
00:08)} 55. Kg2 {(00:14)} Qxg6 {(00:03)} 56. Qd8+ {(00:11]
} Kg7 {(01:03)} 57. Qd4+ {(00:08)} Qf6 {(00:28)} 58. Qg4+
{(00:14)} Kh6 {(01:56)} 59. Qh3+ {(00:25)} Kg5 {(
02:55)} 60. Qh4+ {(00:02)} Kf5 {(00:02)} 61. Qf4+ {(00:06]
} Ke6 {(00:38)} 62. Qe4+ {(00:10)} Kd6 {(00:24)} 63. Qd3+
{(00:23)} Kc6 {(00:53)} 64. a3 {(00:18)} Qd6 {(00:
57)} 65. Qc3+ {(00:15)} Kb6 {(00:40)} 66. Kh2 {(01:04)} a5
{(01:02)} 67. Qe3+ {(00:56)} Qc5 {(00:37)} 68. Qh6+ {
(00:46)} Qc6 {(00:23)} 69. Qe3+ {(00:09)} Ka6 {(00:
20)} 70. Kh3 {(01:12)} Qe6+ {(01:29)} 0-1

[Event "42nd Olympiad Baku 2016 Open"]
[Site "Baku"]
[Date "2016.09.03"]
[Round "2.10"]
[White "Galego, Luis"]
[Black "Kosic, Dragan"]
[Result "1/2-1/2"]
[ECO "C01"]
[WhiteElo "2458"]
[BlackElo "2517"]
[Annotator ""]
[PlyCount "75"]
[EventDate "2016.??.??"]
[EventCountry "AZE"]
[SourceTitle "playchess.com"]
[Source "ChessBase"]
[WhiteTeam "Portugal"]
[BlackTeam "Montenegro"]
[WhiteTeamCountry "POR"]
[BlackTeamCountry "MNE"]
[TimeControl "40/5400+30:1800+30"]

1. e4 {(00:00)} e6 {(00:00)} 2. d4 {(01:22)} d5 {(
02:27)} 3. exd5 {(03:11)} exd5 {(00:09)} 4. Nf3 {(00:03)}
Bg4 {(02:03)} 5. h3 {(06:45)} Bh5 {(00:29)} 6. Bd3 {
(05:16)} Bd6 {(02:16)} 7. O-O {(00:54)} Ne7 {(02:
17)} 8. Re1 {(00:53)} Nbc6 {(02:44)} 9. c3 {(00:53)} Qd7 {
(00:41)} 10. b4 {(03:21)} Bg6 {(03:42)} 11. Na3 {(
09:52)} Bxd3 {(05:10)} 12. Qxd3 {(00:05)} O-O {(00:21)}
13. Nb5 {(02:34)} Qf5 {(06:37)} 14. Qxf5 {(01:32)} Nxf5 {
(00:04)} 15. g4 {(00:59)} a6 {(00:33)} 16. Nxc7 {(
25:48)} Nfxd4 {(01:19)} 17. Nxd4 {(00:18)} Bxc7 {(02:57)}
18. Be3 {(02:04)} Rfe8 {(04:25)} 19. Rad1 {(02:54)} Rad8 {
(03:45)} 20. Kg2 {(08:30)} f6 {(03:17)} 21. Nb3 {(
04:07)} b6 {(02:01)} 22. a4 {(03:05)} Ne5 {(02:11)} 23.
Bf4 {(02:35)} Bb8 {(02:27)} 24. a5 {(02:40)} bxa5 {
(03:33)} 25. Nxa5 {(00:02)} Kf7 {(02:25)} 26. Bg3 {
(02:45)} Rc8 {(04:06)} 27. Rxd5 {(01:24)} Rxc3 {(
00:24)} 28. Nb7 {(00:32)} g5 {(14:46)} 29. Nc5 {(01:56)}
Ra3 {(04:27)} 30. Re4 {(05:54)} Re7 {(03:41)} 31. Rd8 {
(00:32)} Ba7 {(02:07)} 32. Bxe5 {(00:16)} fxe5 {(
00:17)} 33. Rd5 {(00:26)} Bxc5 {(04:42)} 34. Rxc5 {(00:04]
} Kf6 {(02:03)} 35. Rc6+ {(00:17)} Kg7 {(02:36)} 36. Rc5 {
(00:13)} Kf6 {(00:40)} 37. Rc6+ {(00:06)} Kg7 {(00:
06)} 38. Rc5 {(02:08)} 1/2-1/2

[Event "42nd Olympiad Baku 2016 Open"]
[Site "Baku"]
[Date "2016.09.03"]
[Round "2.30"]
[White "Giasi, Viresh"]
[Black "El Jawich, Amro"]
[Result "0-1"]
[ECO "B20"]
[WhiteElo "1979"]
[BlackElo "2260"]
[Annotator ""]
[PlyCount "108"]
[EventDate "2016.??.??"]
[EventCountry "AZE"]
[SourceTitle "playchess.com"]
[Source "ChessBase"]
[WhiteTeam "Surinam"]
[BlackTeam "Lebanon"]
[WhiteTeamCountry "SUR"]
[BlackTeamCountry "LBN"]
[TimeControl "40/5400+30:1800+30"]

1. e4 {(00:00)} c5 {(00:00)} 2. Ne2 {(00:14)} Nc6 {
(00:59)} 3. g3 {(00:19)} g6 {(00:21)} 4. Bg2 {(00:
03)} Bg7 {(00:06)} 5. Nbc3 {(00:02)} d6 {(00:48)} 6. d3 {
(01:07)} e6 {(00:23)} 7. a3 {(00:29)} Nge7 {(00:59]
} 8. O-O {(00:06)} O-O {(00:30)} 9. Rb1 {(06:15)} Rb8 {
(05:56)} 10. Be3 {(05:16)} Nd4 {(01:01)} 11. b4 {(
02:46)} b6 {(11:26)} 12. Qd2 {(13:35)} Bb7 {(05:55)} 13.
Rfc1 {(10:47)} Re8 {(13:42)} 14. Nd1 {(04:04)} d5 {
(14:33)} 15. bxc5 {(03:19)} bxc5 {(01:28)} 16. Nxd4 {
(09:39)} cxd4 {(01:09)} 17. Bh6 {(02:33)} Bxh6 {(
05:19)} 18. Qxh6 {(00:05)} Qa5 {(06:44)} 19. c3 {(10:48)}
Qxa3 {(09:00)} 20. Ra1 {(00:14)} Qc5 {(04:10)} 21. cxd4 {
(01:05)} Qxd4 {(00:26)} 22. Qe3 {(00:08)} Nc6 {(04:
00)} 23. Qxd4 {(16:55)} Nxd4 {(00:03)} 24. Rc7 {(00:02)}
Nb5 {(01:52)} 25. Rc5 {(00:29)} a6 {(00:32)} 26. exd5 {
(01:53)} exd5 {(00:40)} 27. Ne3 {(00:07)} d4 {(01:
27)} 28. Ng4 {(02:32)} Re6 {(01:41)} 29. Ne5 {(02:41)}
Bxg2 {(01:16)} 30. Kxg2 {(00:01)} Kg7 {(03:28)} 31. Nd7 {
(01:28)} Rb7 {(01:31)} 32. Ne5 {(01:35)} Rbb6 {(02:
10)} 33. Nc4 {(00:53)} Rbc6 {(00:46)} 34. Rd5 {(00:31)}
Re2 {(01:09)} 35. Kf1 {(02:04)} Rc2 {(00:26)} 36. Re5 {
(02:01)} Nc3 {(00:59)} 37. Rea5 {(00:55)} Rf6 {(00:
02)} 38. f4 {(00:00)} Re6 {(01:24)} 39. Re1 {(00:29)}
Rxe1+ {(00:33)} 40. Kxe1 {(00:00)} Rxh2 {(00:00)} 41. Rxa6
{(00:33)} Ne2 {(06:55)} 42. Rd6 {(08:25)} Nxg3 {(
01:03)} 43. Rxd4 {(00:04)} h5 {(02:43)} 44. Ne5 {(01:19)}
h4 {(03:03)} 45. Ng4 {(02:44)} Re2+ {(00:56)} 46. Kd1 {
(00:02)} h3 {(02:05)} 47. Re4 {(00:02)} h2 {(01:11]
} 48. Nxh2 {(00:20)} Rxh2 {(00:07)} 49. Re3 {(00:22)} Nf5
{(00:13)} 50. Re4 {(00:07)} Ra2 {(00:35)} 51. Ke1 {
(00:14)} Kf6 {(00:28)} 52. Kd1 {(00:05)} Ng7 {(00:
14)} 53. Ke1 {(00:03)} Ne6 {(00:06)} 54. Kd1 {(00:04)} Rf2
{(00:07)} 0-1

[Event "42nd Olympiad Baku 2016 Open"]
[Site "Baku"]
[Date "2016.09.03"]
[Round "2.6"]
[White "Giron, Jorge Ernesto"]
[Black "Luxama, Jacques Muller"]
[Result "1-0"]
[ECO "B33"]
[WhiteElo "2208"]
[BlackElo "2024"]
[Annotator ""]
[PlyCount "89"]
[EventDate "2016.??.??"]
[EventCountry "AZE"]
[SourceTitle "playchess.com"]
[Source "ChessBase"]
[WhiteTeam "El Salvador"]
[BlackTeam "Haiti"]
[WhiteTeamCountry "ESA"]
[BlackTeamCountry "HAI"]
[TimeControl "40/5400+30:1800+30"]

1. e4 {(00:00)} c5 {(00:00)} 2. Nf3 {(00:00)} Nc6 {
(00:00)} 3. d4 {(01:00)} cxd4 {(00:07)} 4. Nxd4 {(
00:03)} Nf6 {(00:08)} 5. Nc3 {(00:09)} e5 {(00:42)} 6.
Ndb5 {(00:08)} d6 {(00:21)} 7. Bg5 {(01:35)} a6 {(
00:25)} 8. Na3 {(00:06)} b5 {(00:31)} 9. Nd5 {(00:09)} Be7
{(00:44)} 10. Bxf6 {(00:07)} Bxf6 {(00:35)} 11. c4 {
(00:06)} b4 {(02:22)} 12. Nc2 {(00:04)} O-O {(01:
04)} 13. h4 {(02:15)} Be6 {(02:18)} 14. Nce3 {(05:08)} a5
{(07:12)} 15. g3 {(07:22)} Nd4 {(01:27)} 16. Bh3 {(
10:24)} Rc8 {(04:52)} 17. b3 {(01:31)} Rc5 {(02:05)} 18.
Kf1 {(00:44)} Re8 {(02:05)} 19. Kg2 {(00:18)} Be7 {
(00:55)} 20. Qd3 {(26:34)} Bf8 {(03:16)} 21. Raf1 {
(00:43)} Nc6 {(03:47)} 22. f4 {(08:42)} Bxd5 {(01:
36)} 23. Nxd5 {(02:07)} exf4 {(05:09)} 24. Rxf4 {(00:05)}
Ne5 {(00:42)} 25. Qd4 {(00:10)} Qb8 {(03:00)} 26. h5 {
(01:34)} h6 {(01:35)} 27. Rhf1 {(00:13)} a4 {(01:
03)} 28. Qd2 {(02:00)} axb3 {(01:52)} 29. axb3 {(00:01)}
Ra5 {(01:11)} 30. Nxb4 {(11:03)} Ra3 {(01:14)} 31. Rxf7 {
(00:43)} Nxf7 {(01:06)} 32. Qd5 {(00:18)} Ra7 {(16:
41)} 33. Nc6 {(00:11)} Qxb3 {(00:52)} 34. Nxa7 {(03:14)}
Qa2+ {(00:08)} 35. Rf2 {(00:05)} Qxa7 {(00:14)} 36. Be6 {
(00:03)} Re7 {(01:53)} 37. Qf5 {(00:21)} Rxe6 {(13:
59)} 38. Qxe6 {(00:02)} Qe7 {(00:13)} 39. Qd5 {(00:08)}
Qe8 {(01:02)} 40. c5 {(00:00)} dxc5 {(00:00)} 41. e5 {
(00:59)} Be7 {(04:19)} 42. Kh2 {(02:10)} Bg5 {(15:
08)} 43. e6 {(03:56)} Nd8 {(05:07)} 44. e7+ {(00:11)} Nf7
{(00:33)} 45. Rxf7 {(00:07)} 1-0

[Event "42nd Olympiad Baku 2016 Open"]
[Site "Baku"]
[Date "2016.09.03"]
[Round "2.1"]
[White "Gontcharov, Serguei"]
[Black "Tissir, Mohamed"]
[Result "0-1"]
[ECO "B22"]
[WhiteElo "1793"]
[BlackElo "2388"]
[Annotator ""]
[PlyCount "96"]
[EventDate "2016.??.??"]
[EventCountry "AZE"]
[SourceTitle "playchess.com"]
[Source "ChessBase"]
[WhiteTeam "Bermuda"]
[BlackTeam "Morocco"]
[WhiteTeamCountry "BER"]
[BlackTeamCountry "MAR"]
[TimeControl "40/5400+30:1800+30"]

1. e4 {(00:00)} c5 {(00:00)} 2. c3 {(00:00)} d6 {(
02:03)} 3. d4 {(00:53)} Nd7 {(03:34)} 4. Nf3 {(05:45)} Qc7
{(00:58)} 5. Na3 {(05:22)} a6 {(00:04)} 6. Bd3 {(
03:39)} Ngf6 {(01:52)} 7. O-O {(01:44)} e6 {(00:32)} 8.
Re1 {(00:36)} Be7 {(07:06)} 9. h3 {(01:03)} O-O {(
01:46)} 10. e5 {(04:03)} dxe5 {(00:30)} 11. dxe5 {(00:43)}
Nd5 {(00:05)} 12. Bd2 {(12:13)} Rb8 {(18:01)} 13. Qc2 {
(00:35)} g6 {(03:23)} 14. h4 {(00:31)} Re8 {(00:59]
} 15. h5 {(01:49)} Nf8 {(05:49)} 16. Bh6 {(07:29)} Rd8 {
(00:52)} 17. Nc4 {(11:27)} b5 {(02:33)} 18. Ne3 {(
11:50)} Nxe3 {(05:46)} 19. Rxe3 {(00:37)} c4 {(00:06)} 20.
Be4 {(01:38)} Bb7 {(00:05)} 21. Bxb7 {(06:40)} Rxb7 {
(00:14)} 22. Bg5 {(01:04)} Rd5 {(01:28)} 23. Bxe7 {
(03:48)} Qxe7 {(00:51)} 24. hxg6 {(05:06)} Nxg6 {(
18:11)} 25. Rd1 {(00:43)} Rxd1+ {(00:42)} 26. Qxd1 {(00:
09)} Rd7 {(00:03)} 27. Qe2 {(00:55)} Rd5 {(02:51)} 28. g3
{(00:29)} Qd8 {(02:38)} 29. Nd4 {(01:36)} Qg5 {(03:
11)} 30. Nf3 {(04:59)} Qh5 {(00:08)} 31. Kg2 {(01:38)} Kg7
{(04:47)} 32. Kg1 {(02:02)} h6 {(03:49)} 33. Kg2 {(
01:07)} Qf5 {(02:33)} 34. Nh4 {(01:49)} Nxh4+ {(02:55)}
35. gxh4 {(00:06)} Kf8 {(00:03)} 36. Re4 {(01:11)} Rd3 {
(01:05)} 37. f3 {(01:12)} h5 {(02:11)} 38. Qf2 {(
00:59)} Qg6+ {(02:51)} 39. Kh2 {(00:53)} Qh6 {(00:21)} 40.
Qc5+ {(00:00)} Kg7 {(00:00)} 41. Qg1+ {(02:41)} Kh7 {
(03:09)} 42. Re2 {(20:24)} Rxf3 {(07:44)} 43. Qb1+ {
(01:00)} Kh8 {(00:15)} 44. Qe4 {(00:14)} Rf4 {(00:
02)} 45. Qa8+ {(03:29)} Kh7 {(00:06)} 46. Rg2 {(00:24)}
Rxh4+ {(00:22)} 47. Kg1 {(00:11)} Qc1+ {(03:12)} 48. Kf2 {
(00:14)} Qd2+ {(00:23)} 0-1